 Dungeon Crawl Stone Soup version 0.30-a0-578-gdee14c521f (console) character file.

Game seed: 8927835345092777807

212 jejorda2 the Slasher (level 5, -1/43 HPs)
             Began as a Merfolk Berserker on Dec 31, 2022.
             Was a Believer of Trog.
             Succumbed to Sigmund's poison
             ... on level 2 of the Dungeon.
             The game lasted 00:02:49 (1507 turns).

jejorda2 the Slasher (Merfolk Berserker)            Turns: 1507, Time: 00:02:49

Health: -1/43      AC:  8    Str: 23    XL:     5   Next: 90%
Magic:  5/5        EV:  9    Int:  7    God:    Trog [**....]
Gold:   113        SH:  0    Dex: 15    Spells: 4/4 levels left

rFire   . . .      SeeInvis .    a - +0 falchion
rCold   . . .      Faith    +    (no shield)
rNeg    . . .      Spirit   .    j - +0 chain mail
rPois   .          Reflect  .    (no helmet)
rElec   .          Harm     .    (no cloak)
rCorr   .          Rampage  .    (no gloves)
Will    ++...                    (no boots) Stlth
                                 p - amulet of faith
HPRegen 1.27/turn                r - +6 ring of strength
MPRegen 0.09/turn                (no ring)

@: lethally poisoned (-1 -> -7), strong-willed (expiring), on berserk cooldown,
regenerating (expiring), slowed, very slow
A: (nimble swimmer 2), mertail
a: Renounce Religion, Berserk, Trog's Hand


You were on level 2 of the Dungeon.
You worshipped Trog.
Trog was pleased with you.
You visited 1 branch of the dungeon, and saw 2 of its levels.

You collected 113 gold pieces.

Inventory:

Hand Weapons
 a - a +0 falchion (weapon)
 c - a +0 short sword
Missiles
 e - 33 stones (quivered)
 g - 4 datura-tipped darts
 k - 8 poisoned darts
Armour
 j - a +0 chain mail (worn)
Jewellery
 p - an amulet of faith (around neck)
 r - a +6 ring of strength (left hand)
Wands
 t - a wand of charming (14)
Scrolls
 d - 2 scrolls of fear {unknown}
 h - a scroll of identify {unknown}
 m - 3 scrolls of teleportation {unknown}
 n - 4 scrolls of blinking {unknown}
 o - a scroll of enchant armour {unknown}
Potions
 b - a potion of flight {unknown}
 f - 2 potions of mutation {unknown}
 i - 2 potions of curing {unknown}
 l - 2 potions of might {unknown}
 q - 2 potions of invisibility {unknown}
 s - a potion of haste {unknown}


   Skills:
 + Level 4.4 Fighting
 * Level 6.0 Long Blades
 - Level 1.3 Armour
 + Level 4.5 Dodging


You had 4 spell levels left.
You didn't know any spells.
Your spell library was empty.

Dungeon Overview and Level Annotations

Branches:
Dungeon (2/15)

Altars:


Innate Abilities, Weirdness & Mutations

((You are very nimble when in or above water. (Stealth+, EV+, Speed+++)))
Your lower body shifts to a powerful aquatic tail in water.


Message History

You feel very sick. Sigmund casts a spell at you. The magic dart hits you.
You slash Sigmund!
Sigmund is almost dead.
You feel sick.
You barely miss Sigmund.
Sigmund is almost dead.
You feel sick. Sigmund gestures at you while chanting.
The puff of flame hits you.
You closely miss Sigmund.
Sigmund is almost dead.
You feel sick.
Sigmund hits you with a +1 scythe of venom.
* * * LOW HITPOINT WARNING * * *
You are lethally poisoned!
You slash Sigmund!
You kill Sigmund!
Trog accepts your kill.
Trog appreciates your killing of a magic user.
You feel the effects of Trog's Hand fading.
* * * LOW HITPOINT WARNING * * *
You feel very sick.
Your Fighting skill increases to level 4!
Your Long Blades skill gained 2 levels and is now at level 6!
Your Dodging skill increases to level 4!
You have reached level 4!
You have reached level 5!
You feel clever.
* * * LOW HITPOINT WARNING * * *
You feel very sick.
You feel a strong urge to attack something.
* * * LOW HITPOINT WARNING * * *
You feel very sick.
You are too berserk!
You are no longer berserk.
You are exhausted.
You feel yourself slow down.
You die...

#.....#.......##.
#.....#..).......
#................
##................
#.............[..#
#.#.............##
#.###.#.........# #.#
#.#.........## #@#
#.#........... ####.#
#.#.###....... ##....#
#.......###... #.)...#
#.########....
#.......##.# #....
#.......##.# #....
#.......##.# #....
##.....###.########....
#.............##......


There were no monsters in sight!

Vanquished Creatures
  Sigmund (D:2)
  An adder (D:2)
  A worm (D:2)
  4 bats
  5 endoplasms
  A giant cockroach (D:1)
  2 goblins (D:1)
  5 hobgoblins
  A quokka (D:2)
  A ball python (D:2)
  11 frilled lizards
  3 kobolds
  3 rats
39 creatures vanquished.

Vanquished Creatures (others)
  5 plants (D:1)
5 creatures vanquished.

Grand Total: 44 creatures vanquished

Notes
Turn   | Place    | Note
-------+----------+-------------------------------------------
     0 | D:1      | jejorda2 the Merfolk Berserker began the quest for the Orb.
     0 | D:1      | Reached XP level 1. HP: 18/18 MP: 1/1
    77 | D:1      | Found a faded altar of an unknown god.
   116 | D:1      | Reached skill level 4 in Long Blades
   116 | D:1      | Reached XP level 2. HP: 13/24 MP: 2/2
   599 | D:1      | Reached XP level 3. HP: 29/29 MP: 3/3
   733 | D:1      | Reached ** piety under Trog
  1119 | D:2      | Identified the +6 spear of Fekison {speed, rN+ Will+ Str+3
                  | Dex+3}
  1490 | D:2      | Noticed Sigmund
  1504 | D:2      | Killed Sigmund
  1505 | D:2      | Reached skill level 6 in Long Blades
  1505 | D:2      | Reached XP level 4. HP: 5/38 MP: 4/4
  1505 | D:2      | Reached XP level 5. HP: 5/43 MP: 5/5
  1505 | D:2      | HP: 3/64 [poisoned by Sigmund]
  1506 | D:2      | HP: 1/64 [poisoned by Sigmund]
  1507 | D:2      | Succumbed to Sigmund's poison

Illustrated notes

Levels and vault maps discovered:
D:1:      wander_arrival_estate, layout_basic,
          hellmonk_ecumenical_altar_arch_garden, minivault_27,
          minmay_lizard_king
D:2:      layout_rooms, uniq_sigmund

Skill      XL: |  1  2  3 |
---------------+----------+-----
Long Blades    | 4 6 |  6.0
Dodging        | 3 4 |  4.5
Fighting       | 4 |  4.4
Armour         | |  1.3

Action                   |  1- 3 |  4- 6 || total
-------------------------+-------+-------++-------
Melee: Falchion          |   129 |       ||   129
       Punch             |     2 |       ||     2
Throw: Stone             |     5 |       ||     5
Invok: Berserk           |     2 |       ||     2
       Trog's Hand       |     1 |       ||     1
Armor: Animal skin       |    19 |       ||    19
       Chain mail        |    34 |       ||    34
Dodge: Dodged            |    69 |       ||    69

Table legend: (Time is in decaauts)
 A = Elapsed time spent in this place.
 B = Non-inter-level travel time spent in this place.
 C = Inter-level travel time spent in this place.
 D = Time resting spent in this place.
 E = Time spent auto-exploring this place.
 F = Levels seen in this place.
 G = Mean time per level.
                   A        B        C        D        E       F      G
               +--------+--------+--------+--------+--------+-----+--------+
         Total |   1521 |   1503 |     18 |     39 |   1166 |   2 |  760.5 |
       Dungeon |   1521 |   1503 |     18 |     39 |   1166 |   2 |  760.5 |
               +--------+--------+--------+--------+--------+-----+--------+

Top non-repeatable levels by time:
     D:1: 890 daAuts
     D:2: 630 daAuts
